 Dungeon Crawl Stone Soup version 0.23.2-1-ga50397a (webtiles) character file.

Game seed: 10029370744080833478

392 MalarOregon the Ruffian (level 6, 0/53 HPs)
             Began as a Ghoul Gladiator on May 30, 2019.
             Slain by a gnoll
             ... wielding a +0 club
              (5 damage)
             ... on level 3 of the Dungeon.
             The game lasted 00:03:18 (1312 turns).

MalarOregon the Ruffian (Ghoul Gladiator)           Turns: 1312, Time: 00:03:18

Health: 0/53       AC:  4    Str: 20    XL:     6   Next: 81%
Magic:  5/5        EV: 13    Int:  3    God:
Gold:   129        SH:  0    Dex: 10    Spells: 5/5 levels left

rFire    . . .     SeeInvis .     - Unarmed
rCold    + . .     Gourm    .   (no shield)
rNeg     + + +     Faith    .   a - +0 leather armour
rPois    ∞         Spirit   .   b - +0 helmet
rElec    .         Reflect  .   (no cloak)
rCorr    .         Harm     .   (no gloves)
MR       .....                  (no boots)
Stlth    +.........             (no amulet)
HPRegen  0.00/turn              (no ring)
MPRegen  0.09/turn              (no ring)

@: rotting
A: rotting body, claws 1, carnivore, cold resistance 1, negative energy
resistance 3, inhibited regeneration, torment resistance, unbreathing
a: no special abilities


You were on level 3 of the Dungeon.
You were not hungry.

You visited 1 branch of the dungeon, and saw 4 of its levels.

You collected 129 gold pieces.

Inventory:

Missiles
 c - 3 throwing nets (quivered) {!f}
Armour
 a - a +0 leather armour (worn)
 b - a +0 helmet (worn)
 d - a +0 pair of gloves
   (You found it on level 3 of the Dungeon)
Jewellery
 n - a +5 ring of dexterity {unknown}
   (You found it on level 2 of the Dungeon)
Scrolls
 f - 2 scrolls of identify {@r1}
 i - 2 scrolls of amnesia {unknown}
Potions
 g - 2 potions of curing {@q1}
 h - 2 potions of lignification {unknown}
 j - a potion of invisibility {unknown}
 k - a potion of cancellation {unknown}
 l - a potion of degeneration {unknown}
 m - a potion of haste {unknown}
 o - a potion of heal wounds {@q2}
Comestibles
 e - 3 rations {!d}


   Skills:
 + Level 4.7 Fighting
 - Level 1.7 Throwing
 + Level 4.4 Dodging
 + Level 5.4 Unarmed Combat


You had 5 spell levels left.
You didn't know any spells.
Your spell library was empty.

Dungeon Overview and Level Annotations

Branches:
Dungeon (4/15)
 Temple: D:4-7

Altars:
Zin

Annotations:
D:4 Duvessa


Innate Abilities, Weirdness & Mutations

Your body is rotting away.
You thrive on raw meat.
You are immune to poison.
You have sharp fingernails.
You are carnivorous and can eat meat at any time.
Your flesh is cold resistant. (rC+)
You are immune to negative energy. (rN+++)
You do not regenerate when monsters are visible.
You are immune to unholy pain and torment.
You can survive without breathing.


Message History

You scratch the gnoll. You claw the gnoll. The gnoll completely misses you.
You closely miss the gnoll. The gnoll barely misses you.
You barely miss the gnoll. The gnoll completely misses you.
You barely miss the gnoll. You scratch the gnoll. The gnoll misses you.
You barely miss the gnoll. The gnoll closely misses you.
You claw the gnoll!
You kill the gnoll! 2 gnolls come into view.
The gnoll shouts! x2
The gnoll moves out of view.
A gnoll comes into view. It is wielding a +0 club.
Things that are here:
a +0 halberd; a gnoll corpse You butcher the gnoll corpse.
The gnoll shouts!
Things that are here:
a +0 halberd; 2 chunks of flesh; a gnoll skeleton You eat one of the 4 rations {!d}.
That ration really hit the spot!
The gnoll hits you with a +0 club.
* * * LOW HITPOINT WARNING * * *
Things that are here:
a +0 halberd; 2 chunks of flesh; a gnoll skeleton You closely miss the gnoll.
The gnoll hits you with a +0 club.
* * * LOW HITPOINT WARNING * * *
Eat one of 2 chunks of flesh? (ye/n/q)
You eat one of the 2 chunks of flesh.
This raw flesh tastes great!
The gnoll barely misses you.
Eat a chunk of flesh? (ye/n/q)
You eat the chunk of flesh.
This raw flesh tastes great!
The gnoll hits you with a +0 club.
* * * LOW HITPOINT WARNING * * *
You barely miss the gnoll. The gnoll hits you but does no damage.
You barely miss the gnoll. The gnoll hits you but does no damage.
Unknown command.
You scratch the gnoll. You scratch the gnoll.
The gnoll hits you with a +0 club.
* * * LOW HITPOINT WARNING * * *
You scratch the gnoll. The gnoll closely misses you.
You claw the gnoll!
You kill the gnoll!
You barely miss the gnoll. The gnoll barely misses you.
You scratch the gnoll. The gnoll hits you with a +0 club.
* * * LOW HITPOINT WARNING * * *
You scratch the gnoll. The gnoll hits you with a +0 club.
* * * LOW HITPOINT WARNING * * *
You claw the gnoll!
You kill the gnoll!
You barely miss the gnoll. The gnoll hits you with a +0 club.
You die...

#.# #.# #.# #.# ####.#
#.# #....# #.# #.####
#.# #.###########.####
#.................
#.###########.#### #@#
#######.## #g#
#........# ..........#
#.#####..# #............
#..#
........#.#########..###
...####.#.# #...........
#. #.#># #.#####.#### #
... # #.# ... ##.#


You could see a gnoll.

Vanquished Creatures
  Grinder (D:3)
  Dowan (D:4)
  A howler monkey (D:4)
  A worker ant (D:4)
  3 gnolls (D:3)
  3 adders
  A worm (D:4)
  A dart slug (D:3)
  2 leopard geckos
  6 bats (D:1)
  2 giant cockroaches
  3 goblins
  3 hobgoblins (D:1)
  3 jackals (D:3)
  2 kobolds (D:1)
  3 rats
36 creatures vanquished.

Vanquished Creatures (others)
  A jackal (D:4)
1 creature vanquished.

Grand Total: 37 creatures vanquished

Notes
Turn   | Place    | Note
-------+----------+-------------------------------------------
     0 | D:1      | MalarOregon the Ghoul Gladiator began the quest for the
                  | Orb.
     0 | D:1      | Reached XP level 1. HP: 17/17 MP: 0/0
    55 | D:1      | Reached XP level 2. HP: 21/25 MP: 1/1
   863 | D:2      | Reached XP level 3. HP: 28/30 MP: 2/2
   939 | D:2      | You fall through a shaft for 2 floors!
   973 | D:4      | Reached skill level 4 in Unarmed Combat
   973 | D:4      | Reached XP level 4. HP: 31/38 MP: 3/3
   985 | D:4      | Noticed Grinder
   989 | D:4      | Noticed Duvessa
   994 | D:4      | Noticed Dowan
  1004 | D:4      | Noticed a phantom
  1063 | D:3      | Found a glowing silver altar of Zin.
  1218 | D:3      | Reached XP level 5. HP: 19/45 MP: 4/4
  1246 | D:3      | Killed Grinder
  1246 | D:3      | Reached skill level 5 in Unarmed Combat
  1246 | D:3      | Reached XP level 6. HP: 22/53 MP: 5/5
  1256 | D:4      | Killed Dowan
  1312 | D:3      | Slain by a gnoll

Skill      XL: |  1  2  3  4  5 |
---------------+----------------+-----
Dodging        | 3 4 |  4.4
Fighting       | 3 4 |  4.7
Unarmed Combat | 4 5 |  5.4
Throwing       | |  1.7

Action                   |  1- 3 |  4- 6 || total
-------------------------+-------+-------++-------
Melee: Unarmed           |    70 |    80 ||   150
       Punch             |       |     1 ||     1
  Use: Scroll            |       |     5 ||     5
       Potion            |       |     1 ||     1
  Eat: Chunk             |     2 |    12 ||    14
       Ration            |       |     1 ||     1
Armor: Leather armour    |    20 |    22 ||    42
Dodge: Dodged            |    61 |    62 ||   123
